AoeStats
← Iseri玫瑰

Arena

509497258Analyzed
1v1 RM · 4d ago on Sep 27, 2026· 36m 25s· 2 players
Game mode
Random Map
Map size
Tiny (2 player)
Population
200
Speed
Normal
Resources
Standard
Victory
Conquest
Starting age
Dark Age
Ending age
Imperial Age
RankedLock teamsTeams togetherTeam positionsShared explorationLock speedFull tech treeHidden civsTurbo modeCheats
Victory
Defeat
🇦🇷 Georgians · Argentina
699
+17
🇺🇸 Jurchens · United States
721
-17
Iseri玫瑰
11:03 Feudal Age
13:37 Double-Bit Axe
16:06 Castle Age
14:23 Bloodlines
14:38 Horse Collar
18:11 Light Cavalry
21:41 Fervor
22:20 Bow Saw
24:53 Wheelbarrow
24:11 Gold Mining
24:13 Stone Mining
24:37 Town Watch
26:06 Hand Cart
26:58 Stone Shaft Mining
26:33 Heavy Plow
31:59 Imperial Age
29:17 Loom
29:39 Gold Mining
30:59 Ballistics
30:30 Guard Tower
30:33 Fletching
31:18 Svan Towers
31:12 Bodkin Arrow
32:27 Masonry
32:46 Bracer
35:07 Chemistry
34:42 Keep
33:52 Treadmill Crane
34:51 Keep
34:18 Murder Holes
34:05 Treadmill Crane
34:48 Husbandry
35:40 Crop Rotation
Llamaliam3831
11:08 Feudal Age
15:06 Castle Age
14:45 Double-Bit Axe
18:05 Loom
21:27 Horse Collar
22:31 Wheelbarrow
26:34 Pikeman
29:12 Fletching
29:44 Forging
29:35 Scale Mail Armor
31:50 Bow Saw
35:41 Gold Mining
Connection lost

Rejoining the realm…

Still unreachable

The connection could not be restored.

Session expired

The server has moved on; the page needs a fresh start.